 Dungeon Crawl Stone Soup version 0.29.1-1-gd02db6906a (webtiles) character file.

Game seed: 14354696715147600992

125133 LustLizard the Fencer (level 16, -37/129 HPs)
             Began as a Demonspawn Fighter on Oct 8, 2022.
             Was the Champion of Okawaru.
             Annihilated by a boulder beetle (54 damage)
             ... on level 15 of the Dungeon.
             The game lasted 01:02:49 (28875 turns).

LustLizard the Fencer (Demonspawn Fighter)         Turns: 28875, Time: 01:02:49

Health: -37/129    AC: 20    Str: 22    XL:     16   Next: 40%
Magic:  2/23       EV: 14    Int: 21    God:    Okawaru [******]
Gold:   1952       SH: 10    Dex: 19    Spells: 15/15 levels left

rFire   + + +      SeeInvis .   S - +3 long sword (protect)
rCold   . . .      Faith    .   d - +3 buckler of Agoraphobia {rF++ Regen+}
rNeg    . . .      Spirit   .   U - +3 scale mail "Anuwk" {+Inv Int+3}
rPois   +          Reflect  .   z - +0 hat of the Gusle {rF+}
rElec   .          Harm     .   y - +2 cloak
rCorr   +          Rampage  .   a - +2 pair of gloves {infuse}
Will    ++...                   (boots unavailable)
Stlth   ..........              x - amulet of Kulypt {rC- Will+ Regen+ rCorr}
HPRegen 1.91/turn               s - ring "Obil" {rPois rC+ Str+6 Slay+3}
MPRegen 0.18/turn               V - ring "Duezemnu" {Int+6 Slay+5}

@: slowed, studying Evocations, very slow
A: hooves 3, (demonic guardian 1), foul stench 1, sharp scales 2
a: Renounce Religion, Evoke Invisibility, Heroism, Finesse, Duel


You were on level 15 of the Dungeon.
You worshipped Okawaru.
Okawaru was exalted by your worship.
You visited 4 branches of the dungeon, and saw 23 of its levels.
You also visited: Gauntlet and Volcano.

You collected 3414 gold pieces.
You spent 1462 gold pieces at shops.

Inventory:

Hand Weapons
 S - a +3 long sword of protection (weapon)
Missiles
 g - 5 curare-tipped darts
 t - 3 atropa-tipped darts
 E - 27 javelins
 G - 31 boomerangs (quivered)
 K - 17 poisoned darts
 Y - 6 throwing nets
Armour
 a - a +2 pair of gloves of infusion (worn)
 d - the +3 buckler of Agoraphobia (worn) {rF++ Regen+}
   (Okawaru gifted it to you on level 10 of the Dungeon)

   rF:        It greatly protects you from fire.
   Regen:     It increases your rate of health regeneration.
 e - a +4 scale mail of cold resistance
 r - a +0 helmet
 y - a +2 cloak (worn)
 z - the +0 hat of the Gusle (worn) {rF+}
   (Okawaru gifted it to you on level 3 of the Lair of Beasts)

   rF:        It protects you from fire.
 U - the +3 scale mail "Anuwk" (worn) {+Inv Int+3}
   (You found it on level 9 of the Dungeon)

   Int:       It affects your intelligence (+3).
   +Inv:      It lets you turn invisible.
Jewellery
 c - a ring of see invisible
 f - a ring of willpower
 j - a ring of positive energy
 m - an amulet of reflection
 s - the ring "Obil" (left hand) {rPois rC+ Str+6 Slay+3}
   (You bought it in a shop on level 2 of the Orcish Mines)

   [ring of strength]

   Str:       It affects your strength (+6).
   Slay:      It affects your accuracy & damage with ranged weapons and melee
   (+3).
   rC:        It protects you from cold.
   rPois:     It protects you from poison.
 x - the amulet of Kulypt (around neck) {rC- Will+ Regen+ rCorr}
   (You found it in a Gauntlet)

   [amulet of regeneration]

   rC:        It makes you vulnerable to cold.
   Regen:     It increases your rate of health regeneration.
   rCorr:     It protects you from acid and corrosion.
   Will:      It increases your willpower.
 B - a +6 ring of strength
 D - a ring of protection from cold
 I - a ring of protection from cold
 P - a ring of flight
 V - the ring "Duezemnu" (right hand) {Int+6 Slay+5}
   (You took it off an orc warrior on level 12 of the Dungeon)

   [ring of intelligence]

   Int:       It affects your intelligence (+6).
   Slay:      It affects your accuracy & damage with ranged weapons and melee
   (+5).
 W - an amulet of magic regeneration
Wands
 q - a wand of iceblast (5)
 A - a wand of acid (2)
 R - a wand of polymorph (7)
 T - a wand of flame (30)
Scrolls
 i - 6 scrolls of noise
 k - 4 scrolls of fog
 l - 2 scrolls of blinking
 p - 5 scrolls of teleportation
 u - 6 scrolls of fear
 v - 2 scrolls of enchant armour
 w - a scroll of immolation
 C - a scroll of identify
 F - 3 scrolls of magic mapping
 L - a scroll of torment
 M - 2 scrolls of enchant weapon
 Q - a scroll of poison
 X - a scroll of acquirement
Potions
 b - 2 potions of ambrosia
 h - a potion of heal wounds
 n - 12 potions of curing
 o - 4 potions of brilliance
 H - 6 potions of haste
 J - 6 potions of mutation
 N - a potion of berserk rage
 O - 3 potions of attraction
 Z - a potion of might


   Skills:
 + Level 12.6 Fighting
 * Level 15.8 Long Blades
 - Level 6.0 Throwing
 + Level 8.5 Armour
 + Level 7.8 Dodging
 + Level 8.5 Shields
 - Level 10.0 Invocations
 * Level 15.4 Evocations


You had 15 spell levels left.
You didn't know any spells.
Your spell library contained the following spells:

 Spells                   Type           Power      Damage    Failure   Level
 Apportation              Tloc           0%         N/A       45%         1
 Necrotise                Necr           0%         1d4       45%         1
 Static Discharge         Conj/Air       0%         3-3/arc   58%         2
 Sublimation of Blood     Necr           0%         N/A       58%         2
 Wereblood                Tmut           0%         N/A       58%         2
 Frozen Ramparts          Ice            0%         1d1       83%         3
 Stone Arrow              Conj/Erth      0%         3d7       83%         3
 Cause Fear               Hex            0%         N/A       99%         4
 Ice Form                 Ice/Tmut       0%         N/A       99%         4
 Blade Hands              Tmut           0%         N/A       100%        5
 Irradiate                Conj/Tmut      0%         3d11      100%        5
 Lee's Rapid Deconstruct  Erth           0%         3d5*      100%        5
 Lightning Bolt           Conj/Air       0%         1d11      100%        5
 Iron Shot                Conj/Erth      0%         9d1       100%        6
 Dragon Form              Tmut           0%         N/A       100%        7
 Lehudib's Crystal Spear  Conj/Erth      0%         10d2      100%        8
 Maxwell's Capacitive Co  Air            0%         ∞         100%        8
 Summon Small Mammal      Summ           Unusable   N/A       N/A         1
 Animate Armour           Summ/Erth      Unusable   N/A       N/A         4
 Summon Ice Beast         Ice/Summ       Unusable   N/A       N/A         4
 Summon Hydra             Summ           Unusable   N/A       N/A         7
 Dragon's Call            Summ           Unusable   N/A       N/A         9

Dungeon Overview and Level Annotations

Branches:
Dungeon (15/15)            Temple (1/1) D:7            Lair (5/5) D:10
  Swamp (0/4) Lair:3       Spider (0/4) Lair:2        Slime (0/5) Lair:4
    Orc (2/2) D:12            Elf (0/3) Orc:2        Vaults (0/5) D:14
Volcano (visited)         Gauntlet (visited)
 Depths: D:15

Altars:
Cheibriados
Dithmenos
Fedhas
Gozag
Hepliaklqana
Makhleb
Nemelex Xobeh
Okawaru
Ru
Sif Muna
Trog
Uskayaw
Xom
Yredelemnul
Jiyva

Shops:
D:11 :   Orc:2 =?[*

Portals:
Hell: Lair:5
Pandemonium: Orc:2

Annotations:
Lair:4 3 runed translucent doors, Kuerar's ghost, journeyman BaFi


Innate Abilities, Weirdness & Mutations

You have hooves in place of feet.
((A weak demonic guardian rushes to your aid.))
You may rarely emit foul miasma when damaged in melee.
You are mostly covered in razor-sharp scales. (AC +2, Slay +2)


Message History

You block the centaur warrior's attack.
The centaur warrior kicks you but does no damage.
The skeletal warrior hits you with a +0 dire flail!
The wraith hits you!
* * * LOW HITPOINT WARNING * * *
The wraith drains your vigour!
You feel as though you will be slow longer.
The centaur warrior barely misses you. x2; You block the wraith's attack.
The skeletal warrior hits you with a +0 dire flail.
* * * LOW HITPOINT WARNING * * *
The boulder beetle curls into a ball and begins rolling!
The wraith attacks as you move away! The wraith hits you but does no damage.
The wraith attacks as you move away! The wraith barely misses you.
The boulder beetle stops rolling and uncurls.
You block the wraith's attack.
The boulder beetle curls into a ball and begins rolling!
The boulder beetle stops rolling and uncurls.
The wraith attacks as you move away! The wraith hits you but does no damage.
The centaur shoots an arrow.
You block the arrow.
The centaur warrior wields a +0 longbow.
The centaur warrior shoots an arrow.
You block the arrow. The wraith hits you.
* * * LOW HITPOINT WARNING * * *
The wraith drains your vigour!
You feel as though you will be slow longer.
The centaur warrior shoots an arrow.
You block the arrow.
The centaur warrior shoots an arrow.
You block the arrow.
The boulder beetle curls into a ball and begins rolling!
The wraith attacks as you move away! You block the wraith's attack.
The centaur warrior shoots an arrow.
You block the arrow. The wraith barely misses you.
There is a stone staircase leading up here.
The centaur warrior shoots an arrow.
The arrow hits you!
* * * LOW HITPOINT WARNING * * *
The centaur shoots an arrow.
The arrow hits you.
* * * LOW HITPOINT WARNING * * *
The centaur warrior shoots an arrow.
The arrow hits you!
* * * LOW HITPOINT WARNING * * *
The centaur shoots an arrow.
You block the arrow. The boulder beetle hits you!!!
You die...

#.# .#.#...# #.# ..
#.###.#.#...# ##.# ...
# #.#.. #.#...# #...
#..#.#.#.###.#...# #...
#!.#.#.#○#.#.#...###...
#......°z..†...(.......
#..#.#○###z#.#†..######
#....BW.c.))........#
##.#.#@.c..########...
..........### ##
.............
............##
.............#
.........?....#
...............
...............


You could see a boulder beetle (rolling), a skeletal warrior, a centaur warrior,
a wraith and a centaur.

Vanquished Creatures
  Jorgrun (Orc:2)
  An orc warlord (D:12)
  The ghost of Kazon the Carver, a journeyman DsBe of Trog (D:12)
  2 minotaurs
  Josephine (D:11)
  Harold (D:11)
  Erolcha (D:9)
  A catoblepas (Lair:5)
  3 boulder beetles
  A vault guard (D:14)
  3 demonspawn (Orc:2)
  7 hydras
  4 death knights
  4 centaur warriors
  Urug (Lair:1)
  13 death yaks
  7 orc high priests
  Sonja (D:13)
  A fire crab (Lair:5)
  A sun demon (Orc:2)
  A sixfirhy (Lair:5)
  7 skeletal warriors
  Lodul (Arena)
  A harpy (shapeshifter) (D:13)
  A deep elf archer (Volcano)
  4 wizards
  A lindwurm (Lair:5)
  7 orc knights
  7 deep elf pyromancers
  3 phantasmal warriors
  2 bog bodies (Lair:3)
  3 necromancers
  Pikel (D:9)
  7 orc sorcerers
  6 cyclopes
  2 manticores (D:13)
  17 ugly things
  15 elephants
  7 black mambas
  6 torpor snails (Lair:1)
  14 cane toads
  5 gargoyles
  A kobold demonologist (D:9)
  A yaktaur (D:15)
  3 orange demons (Lair:5)
  5 rime drakes (Lair:5)
  2 minotaur zombies (Gauntlet)
  A freezing wraith (D:14)
  2 hellwings
  6 komodo dragons
  2 red devils
  2 ice devils
  7 meliai
  3 polar bears
  2 trolls
  Grinder (D:4)
  17 blink frogs
  5 slime creatures
  A dream sheep (Lair:5)
  A large abomination (Gauntlet)
  A centaur simulacrum (D:14)
  4 shadows
  A vampire (D:10)
  4 basilisks
  A ynoxinul (Orc:2)
  11 wraiths
  9 wyverns
  18 humans (D:14)
  4 fire elementals (Volcano)
  73 yaks
  7 vampire mosquitoes
  4 wargs
  Menkaure (D:7)
  3 acid dragons
  Duvessa (D:6)
  12 water moccasins
  7 hell hounds
  3 black bears
  38 orc warriors
  An ice beast (D:6)
  A sky beast (D:7)
  4 small abominations (Gauntlet)
  17 wolves
  18 ogres
  11 centaurs
  3 lemures (D:9)
  2 kobold brigands
  9 bullfrogs
  4 gnoll sergeants
  2 scorpions
  16 wights
  10 killer bees
  A howler monkey (D:7)
  4 electric eels
  A jelly (D:6)
  A hound (D:5)
  23 orc priests
  A gnoll bouda (D:7)
  Ijyb (D:3)
  Crazy Yiuf (D:4)
  4 iguanas
  17 orc wizards
  6 hell rats (Lair:4)
  A boggart simulacrum (D:12)
  4 adders
  17 gnolls
  A shadow imp (D:8)
  3 worms (D:4)
  5 dart slugs
  79 orcs
  5 ball pythons
  5 endoplasms
  2 giant cockroaches
  4 goblins
  9 hobgoblins
  10 jackals
  2 quokkas
  3 bats (Orc:2)
  A frilled lizard (D:1)
  6 kobolds
  3 rats
755 creatures vanquished.

Vanquished Creatures (collateral kills)
  Dowan (D:6)
  A hound (D:6)
  An adder (D:6)
3 creatures vanquished.

Vanquished Creatures (others)
  An orc priest (Orc:2)
  22 fungi
  39 plants
62 creatures vanquished.

Grand Total: 820 creatures vanquished

Notes
Turn   | Place    | Note
-------+----------+-------------------------------------------
     0 | D:1      | LustLizard the Demonspawn Fighter began the quest for the
                  | Orb.
     0 | D:1      | Reached XP level 1. HP: 18/18 MP: 1/1
   218 | D:1      | Found a faded altar of an unknown god.
   433 | D:1      | Gained mutation: You have large cloven feet. [demonic
                  | ancestry]
   433 | D:1      | Reached XP level 2. HP: 24/24 MP: 2/2
   676 | D:1      | Reached skill level 1 in Throwing
  1110 | D:2      | Gained mutation: You are partially covered in razor-sharp
                  | scales. (AC +1, Slay +1) [demonic ancestry]
  1110 | D:2      | Reached XP level 3. HP: 25/29 MP: 3/3
  1839 | D:3      | Noticed Ijyb
  1871 | D:3      | Killed Ijyb
  1872 | D:3      | Reached XP level 4. HP: 23/35 MP: 4/4
  2101 | D:3      | Found a sparkling altar of Nemelex Xobeh.
  2266 | D:3      | Found a hazy altar of Hepliaklqana.
  2292 | D:3      | Found a blossoming altar of Fedhas.
  2292 | D:3      | Found a bloodstained altar of Trog.
  2455 | D:4      | Gained mutation: You are mostly covered in razor-sharp
                  | scales. (AC +2, Slay +2) [demonic ancestry]
  2455 | D:4      | Reached XP level 5. HP: 32/42 MP: 5/5
  2745 | D:4      | Noticed Grinder
  2788 | D:4      | Paralysed by Grinder for 4 turns
  2801 | D:4      | Killed Grinder
  2802 | D:4      | Reached XP level 6. HP: 28/48 MP: 6/6
  2929 | D:4      | Found a runed translucent door.
  2930 | D:4      | Noticed Crazy Yiuf
  2937 | D:4      | Killed Crazy Yiuf
  3724 | D:5      | Entered Level 5 of the Dungeon
  4214 | D:5      | Reached XP level 7. HP: 49/55 MP: 7/7
  4547 | D:5      | Found a shadowy altar of Dithmenos.
  4701 | D:5      | Reached skill level 5 in Long Blades
  5070 | D:6      | Reached skill level 5 in Fighting
  5087 | D:6      | Noticed Dowan
  5089 | D:6      | Noticed Duvessa
  5093 | D:6      | Killed Dowan
  5221 | D:6      | Reached XP level 8. HP: 63/63 MP: 8/8
  5230 | D:6      | Killed Duvessa
  5475 | D:6      | Reached skill level 1 in Evocations
  5650 | D:6      | Identified the +1 trident "Raoriwkoffo" {elec, rElec Dex+3}
  6397 | D:7      | Gained mutation: You have hoof-like feet. [demonic
                  | ancestry]
  6397 | D:7      | Reached XP level 9. HP: 69/71 MP: 9/9
  6629 | D:7      | Found a staircase to the Ecumenical Temple.
  6656 | Temple   | Entered the Ecumenical Temple
  6731 | Temple   | Became a worshipper of Warmaster Okawaru
  6748 | D:7      | Noticed Menkaure
  6753 | D:7      | Killed Menkaure
  7303 | D:7      | Reached skill level 5 in Evocations
  7501 | D:8      | Reached * piety under Okawaru
  8467 | D:9      | Noticed a two-headed ogre
  8898 | D:9      | Noticed Pikel
  8907 | D:9      | Killed Pikel
  8907 | D:9      | Reached ** piety under Okawaru
  8908 | D:9      | Gained mutation: A weak demonic guardian rushes to your
                  | aid. [demonic ancestry]
  8908 | D:9      | Reached XP level 10. HP: 66/79 MP: 10/10
  9154 | D:9      | Identified the +3 scale mail "Anuwk" {+Inv Int+3}
  9306 | D:9      | Noticed Erolcha
  9315 | D:9      | Killed Erolcha
  9322 | D:9      | Reached *** piety under Okawaru
  9476 | D:9      | Reached skill level 10 in Long Blades
  9501 | D:10     | Entered Level 10 of the Dungeon
  9577 | D:10     | Noticed a death yak
  9577 | D:10     | Noticed a death yak
  9590 | D:10     | Killed a death yak
  9596 | D:10     | Noticed a death yak
  9597 | D:10     | Noticed a death yak
  9597 | D:10     | Noticed a death yak
  9598 | D:10     | Noticed a death yak
  9888 | D:10     | Found a burning altar of Makhleb.
  9946 | D:10     | Killed a death yak
  9946 | D:10     | Reached **** piety under Okawaru
  9998 | D:10     | Killed a death yak
  9998 | D:10     | Noticed a death yak
  9999 | D:10     | Reached XP level 11. HP: 66/87 MP: 12/14
 10003 | D:10     | Killed a death yak
 10003 | D:10     | Reached ***** piety under Okawaru
 10010 | D:10     | Killed a death yak
 10015 | D:10     | Killed a death yak
 10016 | D:10     | Reached skill level 5 in Invocations
 10020 | D:10     | Killed a death yak
 10020 | D:10     | Identified the +3 buckler of Agoraphobia {rF++ Regen+}
                  | (Okawaru gifted it to you on level 10 of the Dungeon)
 10020 | D:10     | Received a gift from Okawaru
 10207 | D:10     | Found a staircase to the Lair.
 10322 | D:10     | You fall into a shaft and drop 3 floors!
 10352 | D:13     | Noticed a centaur warrior
 10363 | D:13     | Killed a centaur warrior
 10433 | D:13     | Noticed a centaur warrior
 10444 | D:13     | Killed a centaur warrior
 10645 | D:13     | Noticed Lodul
 10652 | Arena    | Entered the Arena
 10657 | Arena    | Killed Lodul
 10805 | D:13     | Noticed a brown ugly thing
 10813 | D:13     | Killed a brown ugly thing
 10856 | D:12     | Noticed Kazon's ghost (journeyman DsBe)
 10862 | D:12     | Noticed a boulder beetle
 10863 | D:12     | Reached skill level 10 in Evocations
 11141 | D:12     | Found a staircase to the Orcish Mines.
 11180 | D:12     | Reached XP level 12. HP: 61/95 MP: 18/18
 11347 | D:12     | Noticed an orc warlord
 11550 | D:11     | Received a gift from Okawaru
 11556 | D:11     | Reached skill level 1 in Dodging
 11626 | D:11     | Noticed a six-headed hydra
 11627 | D:11     | Found a gate leading to a gauntlet.
 11754 | Gauntlet | Entered a Gauntlet
 11754 | Gauntlet | Found a transporter.
 11754 | Gauntlet | Found a transporter.
 11754 | Gauntlet | Found a transporter.
 11755 | Gauntlet | Found a transporter.
 11756 | Gauntlet | Found a transporter.
 11759 | Gauntlet | Found a transporter.
 11767 | Gauntlet | Found a runed translucent door.
 11768 | Gauntlet | Found a transporter.
 11770 | Gauntlet | Found a transporter.
 11770 | Gauntlet | Found a transporter.
 11772 | Gauntlet | Found a transporter.
 11781 | Gauntlet | Noticed a green death
 11784 | Gauntlet | Found a transporter.
 11789 | Gauntlet | Found a transporter.
 12033 | Gauntlet | Identified the +2 cloak "Emeniyf" {-Tele Harm rC+ Str+5}
 12059 | Gauntlet | Received a gift from Okawaru
 12241 | Gauntlet | Identified the amulet of Kulypt {rC- Will+ Regen+ rCorr}
 12270 | Gauntlet | Noticed a minotaur
 12280 | Gauntlet | Killed a minotaur
 12434 | Gauntlet | Got the Collected Works on the Quarry
 12606 | D:10     | Noticed a centaur warrior
 12617 | D:10     | Killed a centaur warrior
 12625 | D:10     | Noticed an eight-headed hydra
 12765 | D:10     | Found a basalt altar of Yredelemnul.
 12816 | D:10     | Noticed a boulder beetle
 12818 | D:10     | Reached skill level 10 in Invocations
 12846 | D:10     | Killed a boulder beetle
 12944 | D:10     | Noticed a centaur warrior
 12954 | D:10     | Killed a centaur warrior
 12955 | D:10     | Reached skill level 10 in Fighting
 13370 | Lair:1   | Entered Level 1 of the Lair of Beasts
 13512 | Lair:1   | Noticed an eight-headed hydra
 13606 | Lair:1   | HP: 7/217 [20-headed hydra (12)]
 13606 | Lair:1   | HP: 3/217 [20-headed hydra (4)]
 13607 | Lair:1   | Killed a 19-headed hydra
 13888 | Lair:1   | Gained mutation: You may rarely emit foul miasma when
                  | damaged in melee. [demonic ancestry]
 13888 | Lair:1   | Reached XP level 13. HP: 93/103 MP: 17/20
 14206 | Lair:1   | Found a snail-covered altar of Cheibriados.
 14218 | Lair:1   | Noticed Urug
 14232 | Lair:1   | Killed Urug
 14545 | Lair:1   | Received a gift from Okawaru
 14674 | Lair:1   | Reached skill level 5 in Shields
 14735 | Lair:1   | Reached skill level 5 in Armour
 15935 | Lair:2   | Found a hole to the Spider Nest.
 16574 | Lair:3   | Identified the +0 hat of the Gusle {rF+} (Okawaru gifted it
                  | to you on level 3 of the Lair of Beasts)
 16574 | Lair:3   | Received a gift from Okawaru
 17220 | Lair:3   | Found a staircase to the Swamp.
 17260 | Lair:3   | Reached skill level 5 in Dodging
 18361 | Lair:4   | Reached XP level 14. HP: 113/113 MP: 21/21
 18604 | Lair:4   | Identified a scroll of acquirement
 18606 | Lair:4   | Acquired a manual of Evocations
 18654 | Lair:4   | Found a runed translucent gate.
 18671 | Lair:4   | Found a runed translucent gate.
 18671 | Lair:4   | Found a runed translucent gate.
 18672 | Lair:4   | Noticed an azure jelly
 18673 | Lair:4   | Noticed an azure jelly
 18673 | Lair:4   | Noticed an acid blob
 18674 | Lair:4   | Noticed Kuerar's ghost (journeyman BaFi)
 18674 | Lair:4   | Noticed an azure jelly
 18675 | Lair:4   | Noticed a quicksilver ooze
 18675 | Lair:4   | Noticed an acid blob
 18675 | Lair:4   | Noticed an azure jelly
 18675 | Lair:4   | Noticed an azure jelly
 18676 | Lair:4   | Noticed an azure jelly
 18676 | Lair:4   | Noticed a quicksilver ooze
 18677 | Lair:4   | Found a viscous altar of Jiyva.
 18745 | Lair:4   | Found a staircase to the Slime Pits.
 18745 | Lair:4   | Found a viscous altar of Jiyva.
 19092 | Lair:5   | Entered Level 5 of the Lair of Beasts
 19112 | Lair:5   | Reached ****** piety under Okawaru
 19112 | Lair:5   | Identified the +5 long sword "Jounysto" {distort, rC+ Str+4
                  | Int+3} (Okawaru gifted it to you on level 5 of the Lair of
                  | Beasts)
 19112 | Lair:5   | Received a gift from Okawaru
 19765 | Lair:5   | Identified the -1 kite shield of Okawaru's Indignation
                  | {Int+4} (Okawaru gifted it to you on level 5 of the Lair of
                  | Beasts)
 19765 | Lair:5   | Received a gift from Okawaru
 20443 | Lair:5   | Identified the +0 ring mail of Coilocor {rF++ rC- Will+}
 20915 | Lair:5   | Found a burning altar of Makhleb.
 21106 | Lair:5   | Found a gateway to Hell.
 21805 | D:11     | Noticed Josephine
 21813 | D:11     | Killed Josephine
 21819 | D:11     | Reached XP level 15. HP: 86/120 MP: 10/22
 22101 | D:11     | Identified the +4 ring mail of Ceddoholu {Harm Will++ Str-5
                  | SInv} (Okawaru gifted it to you on level 11 of the Dungeon)
 22101 | D:11     | Received a gift from Okawaru
 22162 | D:11     | Found Jedigra's Book Shop.
 22180 | D:11     | Noticed Harold
 22188 | D:11     | Killed Harold
 22555 | D:12     | Killed an orc warlord
 22621 | D:12     | Found a runed translucent gate.
 22621 | D:12     | Found a runed translucent gate.
 22621 | D:12     | Found a runed translucent gate.
 22626 | D:12     | Reached skill level 5 in Throwing
 22718 | D:12     | Identified the ring "Duezemnu" {Int+6 Slay+5}
 23644 | D:12     | Killed Kazon's ghost
 23861 | Orc:1    | Entered Level 1 of the Orcish Mines
 24387 | Orc:2    | Entered Level 2 of the Orcish Mines
 24387 | Orc:2    | Found a staircase to the Elven Halls.
 24490 | Orc:2    | Found a dark tunnel.
 24495 | Volcano  | Entered a volcano
 24517 | Volcano  | Reached skill level 15 in Long Blades
 24921 | Orc:2    | Found Guus's Magic Scroll Shop.
 24922 | Orc:2    | Found Nunewn's General Store.
 24955 | Orc:2    | Received a gift from Okawaru
 25185 | Orc:2    | Bought a potion of heal wounds for 65 gold pieces
 25185 | Orc:2    | Bought a scroll of magic mapping for 97 gold pieces
 25187 | Orc:2    | Bought a scroll of teleportation for 30 gold pieces
 25187 | Orc:2    | Bought a scroll of brand weapon for 95 gold pieces
 25187 | Orc:2    | Bought a scroll of fear for 40 gold pieces
 25246 | Orc:2    | Received a gift from Okawaru
 25640 | Orc:2    | Noticed Jorgrun
 25657 | Orc:2    | Killed Jorgrun
 25900 | Orc:2    | Found Beotso's Jewellery Emporium.
 25900 | Orc:2    | Found Jilaunas's Antique Armour Shoppe.
 25901 | Orc:2    | Found a one-way gate leading to the halls of Pandemonium.
 25933 | Orc:2    | Bought the ring "Obil" {rPois rC+ Str+6 Slay+3} for 1135
                  | gold pieces
 26564 | D:13     | Noticed Sonja
 26570 | D:13     | Killed Sonja
 26817 | D:13     | Gained mutation: You have hooves in place of feet. [demonic
                  | ancestry]
 26817 | D:13     | Reached XP level 16. HP: 128/128 MP: 20/23
 27515 | D:14     | Found a gate to the Vaults.
 27534 | D:14     | Identified the +0 robe of Okawaru's Outrage {Harm Str+4
                  | Stlth+} (Okawaru gifted it to you on level 14 of the
                  | Dungeon)
 27534 | D:14     | Received a gift from Okawaru
 27900 | D:14     | Reached skill level 15 in Evocations
 28673 | D:15     | Entered Level 15 of the Dungeon
 28875 | D:15     | Annihilated by a boulder beetle

Illustrated notes

Levels and vault maps discovered:
D:1:      dpeg_arrival_leaves_temple_mockup, layout_basic,
          ebering_ecumenical_altar_ruins
D:2:      layout_loops_ring
D:3:      layout_rooms, mainiacjoe_overflow_swirl,
          gammafunk_temple_overflow_pools, uniq_ijyb
D:4:      layout_basic, serial_bayou, serial_bayou_pond_e, serial_bayou_lake_a,
          serial_bayou_pond_a, serial_bayou_pond_c, minmay_starry_boxes,
          uniq_crazy_yiuf_cottage, uniq_grinder
D:5:      layout_basic, nicolae_dithmenos_through_a_glass_darkly, serial_curves,
          eino_curves_04, eino_curves_03
D:6:      layout_gridville, minmay_misc_feat_columns, uniq_duvessa
D:7:      layout_loops_cross, marbit_many_paths, minmay_temple_entry_arrows,
          uniq_menkaure
D:8:      nicolae_BIG_FREAKIN_CUBE, layout_basic
D:9:      layout_loops_ring, uniq_erolcha, uniq_pikel
D:10:     layout_loops_ring, lemuel_coloured_pillars_altar,
          mainiacjoe_overflow_24_doors, dpeg_lair_monsters, minivault_28
D:11:     layout_stronghold, gauntlet_entry_generic, serial_shops, shop,
          uniq_josephine, uniq_harold
D:12:     orc_temple, layout_rooms, kennysheep_orc_monster_closet_entryway,
          maelrawn_ghost_gauntlet_escape, water_maze_lemuel
D:13:     layout_grid_maze, uniq_lodul, uniq_sonja
D:14:     layout_basic, grunt_vaults_entry_tiered,
          chequers_serial_rivers_room_b, serial_glass, glass_columns_b,
          glass_columns_c
D:15:     hangedman_depths_entry_civil_slaughter, layout_basic, special_room
          [special_room_mythical_zoo], nicolae_ashenzari_skybound
Temple:   jpeg_temple_clearing
Lair:1:   layout_layer_cave, kennysheep_snail_temple, uniq_urug
Lair:2:   layout_cave_pods, hellmonk_spider_entry_not_the_bees
Lair:3:   layout_gridlike, skrybe_swamp_entry_bodies,
          nicolae_quartered_pool_little, beast_lair_carwin_4, grunt_megastairs_5
Lair:4:   layout_regular_city, slime_entry_1, gammafunk_ghost_ooze,
          serial_bayou_shore_a, lemuel_fruit_tree
Lair:5:   evil_forest, layout_hall_layers, serial_bayou, serial_bayou_ford_a,
          serial_bayou_pond_b, serial_bayou_shore_b, serial_bayou_pond_c
Orc:1:    layout_diamond_mine
Orc:2:    pf_orc_diabolical, layout_caves, enter_volcano_4, mines_bat_river,
          uniq_jorgrun

Skill      XL: |  1  2  3  4  5  6  7  8  9 10 11 12 13 14 15 16 |
---------------+-------------------------------------------------+-----
Long Blades    | 2 3 4 6 7 9 10 11 12 13 14 15 | 15.8
Throwing       | 1 2 3 4 6 |  6.0
Fighting       | 4 5 6 7 8 9 10 11 12 | 12.6
Evocations     | 3 6 8 10 12 14 15 | 15.4
Invocations    | 4 8 10 | 10.0
Shields        | 4 6 7 8 |  8.5
Armour         | 4 6 7 8 |  8.5
Dodging        | 3 5 6 7 |  7.8

Action                   |  1- 3 |  4- 6 |  7- 9 | 10-12 | 13-15 | 16-18 || total
-------------------------+-------+-------+-------+-------+-------+-------++-------
Melee: Long sword        |   113 |    32 |    54 |   525 |  1531 |   235 ||  2490
       Kick              |    24 |    30 |    97 |   184 |   639 |   113 ||  1087
       Whip              |       |    70 |       |       |       |       ||    70
       Short sword       |       |    18 |   137 |       |       |       ||   155
       Scimitar          |       |       |   102 |       |       |       ||   102
Throw: Stone             |       |     7 |    11 |       |       |       ||    18
       Javelin           |       |       |     2 |     4 |       |       ||     6
       Boomerang         |       |       |    25 |     2 |    20 |     1 ||    48
       Dart              |       |       |     8 |    25 |     3 |       ||    36
Invok: Heroism           |       |       |       |     7 |     2 |       ||     9
       Finesse           |       |       |       |     4 |     2 |       ||     6
       Duel              |       |       |       |     1 |       |       ||     1
 Abil: Evoke Invisibilit |       |       |       |     1 |       |       ||     1
Evoke: Wand              |       |       |    13 |     8 |    15 |     2 ||    38
  Use: Scroll            |     3 |     5 |     3 |     6 |    10 |     2 ||    29
       Potion            |       |     1 |     1 |    10 |     3 |       ||    15
 Stab: Invisible         |       |       |     1 |     4 |       |       ||     5
       Distracted        |       |       |       |     1 |       |       ||     1
Armor: Scale mail        |    58 |    31 |       |   138 |   534 |    68 ||   829
       Chain mail        |       |     7 |     2 |       |       |       ||     9
       Ring mail         |       |       |    87 |     2 |       |       ||    89
       Skin              |       |       |       |   140 |       |       ||   140
Dodge: Dodged            |    42 |    31 |    54 |   180 |   605 |    97 ||  1009
Block: Buckler           |    37 |    43 |       |   229 |   614 |    85 ||  1008
       Kite shield       |       |     8 |   192 |    67 |       |       ||   267
       Reflection        |       |     2 |     6 |    14 |       |       ||    22
